 Dungeon Crawl Stone Soup version bcrawl-1.38.1 (webtiles) character file.

Game seed: 17684156494869378119

100721 petercordia3 the Magician (level 5, -1/30 HPs)
             Began as a Skeleton Wizard on Apr 4, 2023.
             Slain by a quasit (2 damage)
             ... on level 4 of the Dungeon.
             The game lasted 00:11:48 (4978 turns).

petercordia3 the Magician (Skeleton Wizard)         Turns: 4978, Time: 00:11:48

Health: -1/30      AC:  3    Str: 14      XL:     5   Next: 68%
Magic:  0/12       EV: 11    Int: 17      God:
Gold:   264        SH:  0    Dex:  2 (7)  Spells: 3/14 levels left

rFire    . . .     GDR:     9%  o - +2 quarterstaff (chaos)
rCold    + . .     SeeInvis .   (shield currently unavailable)
rNeg     + + +     Gourm    .   e - +0 robe
rPois    ∞         Faith    .   c - +0 hat
rElec    .         Spirit   +   n - +0 cloak
rCorr    .         Reflect  .   (no gloves)
MR       .....                  (no boots)
Stlth    +.........             (no amulet)
HPRegen  0.15/turn              (no ring)
MPRegen  0.13/turn              (no ring)

@: no status effects
A: no food or potions, cold resistance 1, deterioration 1, negative energy
resistance 3, torment resistance, unbreathing, magic shield, sturdy frame 1,
spell healing
a: no special abilities


You were on level 4 of the Dungeon.
You were not hungry.

You visited 1 branch of the dungeon, and saw 4 of its levels.

You collected 264 gold pieces.

Inventory:

Hand Weapons
 a - a +0 staff
 b - a +0 dagger
 o - a +2 quarterstaff of chaos (weapon)
Missiles
 f - 622 stones (quivered)
 g - 314 bolts
 k - 265 arrows
 l - 54 poisoned tomahawks
 m - 2 throwing nets {=f}
Armour
 c - a +0 hat (worn)
 e - a +0 robe (worn)
 n - a +0 cloak (worn)
Scrolls
 d - 4 scrolls of remove curse {unknown}
 h - a scroll of magic mapping
 i - 3 scrolls of identify
 j - 2 scrolls of enchant weapon


   Skills:
 + Level 2.2 Fighting
 + Level 3.1 Dodging
 - Level 2.4 Stealth
 + Level 5.4 Spellcasting
 * Level 4.0 Conjurations
 - Level 2.0 Summonings
 - Level 0.7 Translocations


You had 3 spell levels left.
You knew the following spells:

 Your Spells              Type           Power        Failure   Level  Hunger
a - Magic Dart            Conj           ###.         2%          1    N/A
b - Call Imp              Summ           ##....       9%          2    N/A
c - Blink                 Tloc           N/A          16%         2    N/A
d - Conjure Flame         Conj/Fire      ##......     19%         3    N/A
e - Mephitic Cloud        Conj/Pois/Air  #.......     24%         3    N/A

Your spell library contained the following spells:

 Spells                   Type           Power        Failure   Level  Hunger
 Spider Form              Tmut/Pois      Unusable     N/A         3    N/A

Dungeon Overview and Level Annotations

Branches:
Dungeon (4/12)
 Temple: D:4-7

Altars:
Dithmenos
Kikubaaqudgha
Okawaru
Sif Muna
Trog
Wu Jian
Yredelemnul

Annotations:
D:2 exclusion: crimson imp


Innate Abilities, Weirdness & Mutations

You do not eat or drink.
You are immune to poison.
Your flesh is cold resistant. (rC+)
Your body sometimes deteriorates upon taking damage.
You are immune to negative energy. (rN+++)
You are immune to unholy pain and torment.
You can survive without breathing.
When hurt, damage is shared between your health and your magic reserves.
Your movements are slightly less encumbered by armour. (ER -2)
Casting spells heals you.


Message History

You closely miss the quasit.
The quasit is heavily wounded.
The quasit closely misses you. x2; The quasit barely misses you.
You closely miss the quasit.
The quasit is heavily wounded.
The quasit bites you.
* * * LOW HITPOINT WARNING * * *
The quasit closely misses you.
The quasit claws you but does no damage.
The quasit barely misses you.
The quasit claws you but does no damage.
The quasit misses you.
You closely miss the quasit.
The quasit is heavily wounded.
The quasit bites you but does no damage.
The quasit claws you but does no damage.
The quasit claws you.
Your crimson imp misses the quasit.
The quasit bites you.
* * * LOW HITPOINT WARNING * * *
The quasit closely misses you. The quasit claws you.
You die...

#.###.##..##.#
#.5.!5##.###.##
#!###F##.# #..##
#...##.# ##†5#
###..##..# ##.#
#.......## #.#
#.#.<.### #5###
..#.### #.5.# # #.#
###@# ##.# #.# ##..#
#.# ..!### #.#
.....# #.###
...#.###########...#
)................[.#
.†<........#########
............#


You could see a quasit and a friendly crimson imp.

Vanquished Creatures
  Crazy Yiuf (D:3)
  Jessica (D:3)
  A worker ant (D:4)
  A gnoll (D:3)
  4 adders
  A shadow imp (D:3)
  An adder skeleton (D:4)
  A worm (D:2)
  3 dart slugs (D:1)
  5 leopard geckos
  3 orcs (D:3)
  A ball python (D:2)
  8 bats
  A giant cockroach (D:2)
  3 goblins
  7 hobgoblins
  7 jackals
  4 frilled lizards
  3 kobolds
  A quokka skeleton (D:3)
  5 rats
62 creatures vanquished.

Vanquished Creatures (collateral kills)
  A worker ant zombie (D:4)
  A worm (D:4)
2 creatures vanquished.

Grand Total: 64 creatures vanquished

Notes
Turn   | Place    | Note
-------+----------+-------------------------------------------
     0 | D:1      | petercordia3 the Skeleton Wizard began the quest for the
                  | Orb.
     0 | D:1      | Reached XP level 1. HP: 10/10 MP: 5/5
   177 | D:1      | Reached XP level 2. HP: 16/16 MP: 3/7
   329 | D:1      | Learned a level 2 spell: Call Imp
   792 | D:1      | Reached skill level 1 in Fighting
  1209 | D:2      | Noticed a crimson imp
  1260 | D:2      | Reached XP level 3. HP: 20/20 MP: 7/9
  1369 | D:2      | Found a faded altar of an unknown god.
  1749 | D:2      | Found a shimmering blue altar of Sif Muna.
  2206 | D:2      | Learned a level 2 spell: Blink
  2210 | D:2      | Learned a level 3 spell: Conjure Flame
  2214 | D:2      | Learned a level 3 spell: Mephitic Cloud
  2465 | D:3      | Reached skill level 5 in Spellcasting
  2506 | D:3      | Reached XP level 4. HP: 22/25 MP: 4/11
  2566 | D:3      | Noticed Jessica
  2568 | D:3      | Killed Jessica
  3051 | D:3      | Found a runed door.
  3107 | D:3      | Found a basalt altar of Yredelemnul.
  3107 | D:3      | Found an ancient bone altar of Kikubaaqudgha.
  3108 | D:3      | Found an iron altar of Okawaru.
  3523 | D:3      | Found a bloodstained altar of Trog.
  3523 | D:3      | Found a shadowy altar of Dithmenos.
  3530 | D:3      | Found an ornate altar of the Wu Jian Council.
  3550 | D:3      | Found a white marble altar of Elyvilon.
  3552 | D:3      | Found a faded altar of an unknown god.
  3612 | D:3      | Reached XP level 5. HP: 30/30 MP: 7/12
  3850 | D:3      | Found a bloodstained altar of Trog.
  3850 | D:3      | Found a shadowy altar of Dithmenos.
  3857 | D:3      | Found an ornate altar of the Wu Jian Council.
  3859 | D:3      | Found a faded altar of an unknown god.
  3861 | D:3      | Found a white marble altar of Elyvilon.
  4011 | D:3      | Found a basalt altar of Yredelemnul.
  4011 | D:3      | Found an ancient bone altar of Kikubaaqudgha.
  4012 | D:3      | Found an iron altar of Okawaru.
  4277 | D:3      | Found a runed door.
  4557 | D:3      | Noticed Crazy Yiuf
  4581 | D:3      | Killed Crazy Yiuf
  4965 | D:4      | HP: 1/30 [quasit (1)]
  4978 | D:4      | HP: 1/30 [quasit (1)]
  4978 | D:4      | Slain by a quasit

Skill      XL: |  1  2  3  4  5 |
---------------+----------------+-----
Conjurations   | 2 3 4 |  4.0
Fighting       | 1 2 |  2.2
Spellcasting   | 5 |  5.4
Summonings     | 2 |  2.0
Dodging        | 3 |  3.1
Stealth        | |  2.4
Translocations | |  0.7

Action                   |  1- 3 |  4- 6 || total
-------------------------+-------+-------++-------
Melee: Staff             |    17 |     1 ||    18
       Dagger            |       |    21 ||    21
       Quarterstaff      |       |    15 ||    15
 Cast: Magic Dart        |   111 |    79 ||   190
       Call Imp          |     2 |     4 ||     6
       Mephitic Cloud    |       |     4 ||     4
  Use: Scroll            |     1 |     1 ||     2
Armor: Robe              |     6 |    21 ||    27
Dodge: Dodged            |    29 |    42 ||    71
